 Dungeon Crawl Stone Soup version 0.25.1-2-g60ff931df9 (webtiles) character file.

Game seed: 16270850822055750488

104965 Johnny the Gelid (level 15, 0/128 HPs)
             Began as a Demigod Ice Elementalist on Sept 5, 2020.
             Killed from afar by an air elemental (3 damage)
             ... with a tornado
             ... on level 2 of the Elven Halls on Sept 6, 2020.
             The game lasted 01:08:27 (37290 turns).

Johnny the Gelid (Demigod Ice Elementalist)        Turns: 37290, Time: 01:08:27

Health: 0/128      AC: 12    Str: 11    XL:     15   Next: 46%
Magic:  0/36       EV: 16    Int: 31    God:
Gold:   898        SH:  6    Dex: 18    Spells: 24/38 levels left

rFire    + . .     SeeInvis +   w - +9 spear "Reett" {flame, *Corrode MR+ Int+2}
rCold    + + .     Gourm    .   B - +2 buckler
rNeg     . . .     Faith    .   i - +1 robe {MR+}
rPois    .         Spirit   +   Z - +0 helmet
rElec    +         Reflect  .   G - +3 cloak of Free Expression {Harm rElec MR- SInv}
rCorr    .         Harm     +   g - +0 pair of gloves
MR       ++...                  l - +0 pair of boots
Stlth    ++........             b - amulet of Loquxt {Spirit rF+ Dex+5}
HPRegen  0.31/turn              O - ring of ice
MPRegen  0.25/turn              P - ring "Xuff" {rElec rF+ rC+ EV+4 Dex-3}

@: berserk cooldown, flying (expiring)
A: high mp 1
a: no special abilities


You were on level 2 of the Elven Halls.
You were very hungry.

You visited 4 branches of the dungeon, and saw 25 of its levels.
You also visited: Gauntlet and Ice Cave.

You collected 2387 gold pieces.
You spent 1489 gold pieces at shops.

Inventory:

Hand Weapons
 e - a +0 demon trident of freezing
 o - a +5 dagger of holy wrath
 q - the +4 demon whip of Viny Resourcefulness {vamp, Str+2}
   (You found it in an ice cave)

   It inflicts no extra harm, but heals its wielder when it wounds a living foe.
   It affects your strength (+2).
 w - the +9 spear "Reett" (weapon) {flame, *Corrode MR+ Int+2}
   (You took it off a deep elf mage on level 1 of the Elven Halls)

   It has been specially enchanted to burn those struck by it, causing extra
   injury to most foes and up to half again as much damage against particularly
   susceptible opponents.
   It affects your intelligence (+2).
   It affects your resistance to hostile enchantments.
   It may corrode you when you take damage.
 E - a +4 whip of electrocution
Armour
 g - a +0 pair of gloves (worn)
 i - a +1 robe of magic resistance (worn)
 l - a +0 pair of boots (worn)
 B - a +2 buckler (worn)
 G - the +3 cloak of Free Expression (worn) {Harm rElec MR- SInv}
   (You found it in a Gauntlet)

   It insulates you from electricity.
   It affects your resistance to hostile enchantments.
   It lets you see invisible.
   It increases damage dealt and taken.
 Y - a +2 troll leather armour {Snorg}
 Z - a +0 helmet (worn)
Jewellery
 b - the amulet of Loquxt (around neck) {Spirit rF+ Dex+5}
   (You found it in a Gauntlet)

   [amulet of guardian spirit]

   It causes incoming damage to be split between your health and magic.
   It affects your dexterity (+5).
   It protects you from fire.
 m - a +4 ring of protection
 p - an uncursed ring of poison resistance
 u - an uncursed ring of resist corrosion
 O - a ring of ice (left hand)
 P - the ring "Xuff" (right hand) {rElec rF+ rC+ EV+4 Dex-3}
   (You bought it in a shop on level 2 of the Orcish Mines)

   [ring of evasion]

   It affects your evasion (+4).
   It affects your dexterity (-3).
   It protects you from fire.
   It protects you from cold.
   It insulates you from electricity.
 W - an uncursed ring of magical power
Wands
 a - a wand of iceblast (16)
 D - a wand of polymorph (22)
 R - a wand of flame (32)
 S - a wand of paralysis (27)
 T - a wand of enslavement (19)
Scrolls
 d - 5 scrolls of immolation
 j - 5 scrolls of noise
 k - 7 scrolls of remove curse
 t - a scroll of teleportation
 v - 3 scrolls of amnesia
 y - a scroll of enchant armour
 F - 4 scrolls of fog
 J - 2 scrolls of torment
Potions
 f - 8 potions of brilliance
 h - 5 potions of flight
 r - 4 potions of cancellation
 s - a potion of mutation
 x - 3 potions of resistance
 z - 2 potions of magic
 M - 4 potions of stabbing
Miscellaneous
 N - a phial of floods
 X - 2 phantom mirrors
Comestibles
 c - 20 rations


   Skills:
 - Level 10.9 Fighting
 + Level 7.9 Armour
 - Level 1.7 Dodging
 - Level 1.7 Stealth
 + Level 12.3 Spellcasting
 * Level 18.1 Ice Magic


You had 24 spell levels left.
You knew the following spells:

 Your Spells              Type           Power        Failure   Level  Hunger
a - Freeze                Ice            ####         0%          1    None
b - Frozen Ramparts       Ice            ######       0%          3    None
c - Summon Ice Beast      Ice/Summ       #######.     1%          4    None
d - Simulacrum            Ice/Necr       #######...   16%         6    ####...

Your spell library contained the following spells:

 Spells                   Type           Power        Failure   Level  Hunger
 Ozocubu's Armour         Chrm/Ice       #######.     1%          3    None
 Hailstorm                Conj/Ice       #######.     1%          4    None
 Metabolic Englaciation   Hex/Ice        #######...   3%          5    #......
 Animate Skeleton         Necr           N/A          4%          1    None
 Apportation              Tloc           ###...       4%          1    None
 Corona                   Hex            ###....      4%          1    None
 Pain                     Necr           ###.         4%          1    None
 Summon Small Mammal      Summ           ###.         4%          1    None
 Sublimation of Blood     Necr           ###.......   6%          2    None
 Confusing Touch          Hex            ###.....     13%         3    None
 Gell's Gravitas          Tloc           ###.......   13%         3    None
 Ignite Poison            Fire/Tmut/Pois ###.....     13%         3    None
 Recall                   Summ/Tloc      N/A          13%         3    None
 Vampiric Draining        Necr           ###.......   13%         3    None
 Animate Dead             Necr           N/A          38%         4    None
 Petrify                  Tmut/Erth      ###.....     38%         4    None
 Agony                    Necr           ###.....     75%         5    #......
 Alistair's Intoxication  Tmut/Pois      ###.....     75%         5    #......
 Bolt of Magma            Conj/Fire/Erth ###.......   75%         5    #......
 Borgnjor's Vile Clutch   Necr/Erth      ###.......   75%         5    #......
 Irradiate                Conj/Tmut      ###.......   75%         5    #......
 Iskenderun's Battlesphe  Conj/Chrm      ###.....     75%         5    #......
 Yara's Violent Unravell  Hex/Tmut       ###.......   75%         5    #......
 Death Channel            Necr           ###.......   100%        6    ####...
 Eringya's Noxious Bog    Tmut/Pois      ###.......   100%        6    ####...
 Iron Shot                Conj/Erth      ###.......   100%        6    ####...
 Orb of Destruction       Conj           ###.......   100%        7    ######.
 Spellforged Servitor     Conj/Summ      ###.......   100%        7    ######.


Dungeon Overview and Level Annotations

Branches:
Dungeon (15/15)            Temple (0/1) D:5            Lair (6/6) D:9
 Shoals (0/4) Lair:4        Snake (0/4) Lair:3        Slime (0/5) Lair:6
    Orc (2/2) D:9             Elf (2/3) Orc:2        Vaults (0/5) D:14
 Depths (0/5) D:15          IceCv (visited)         Gauntlet (visited)

Shops:
D:4 (   D:7 =   D:9 :   D:10 (   Orc:2 (*[=   Elf:1 [

Annotations:
D:5 exclusion: oklob sapling
Lair:6 Chimkentus's ghost, journeyman OpAs
Elf:2 3 runed translucent doors


Innate Abilities, Weirdness & Mutations

You have an increased reservoir of magic. (+10% MP)


Message History

An air elemental and 3 deep elf magi come into view.
The deep elf mage shouts!
A vortex of raging winds appears around the air elemental!
The air elemental hits you but does no damage.
The air elemental barely misses you. The air elemental misses you.
The deep elf mage mumbles some strange words.
The deep elf mage closely misses you. The air elemental closely misses you.
A water elemental comes into view.
The deep elf mage hits you but does no damage.
The air elemental hits you!
* * * LOW HITPOINT WARNING * * *
The deep elf mage shouts!
Found a curved copper wand.
There is a stone staircase leading up, spattered with blood here.
Unknown command.
Unknown command.
You feel yourself speed up.
The vortex of raging winds lifts you up.
You fly up into the air.
You die...

*,,,,,,,,, #####
*,******** #...# *,*
*
##...##****,********
*.....,,,,,,>,>,,,,,
*#...#*****,********
*...* *,* *
##.#######,* *
#§@e......,********
#E<#######****,,,,,
#§.# **,,,,**** #E.#
**,,,,,** *
#e.#*****,,,,,,,***
#...,,,,,,,,,,,,,,,
##e#***,,,,,,,,,***
*.E.,,,,,,,,,,,,*
*.##***,,,,,,,,,*


You could see a water elemental, 3 deep elf magi, a fire elemental (summoned)
and an air elemental.

Vanquished Creatures
  An orc warlord (Orc:1)
  A minotaur (D:11)
  A dire elephant (Gauntlet)
  The ghost of Fozey the Blocker, a journeyman FoFi of Okawaru (D:11)
  A blizzard demon (IceCv)
  3 hydras (Lair:6)
  5 catoblepae
  3 centaur warriors
  An ogre mage (D:15)
  A dancing weapon (Elf:1)
  2 two-headed ogres
  6 death yaks
  An orc high priest (Orc:2)
  A soul eater (Gauntlet)
  7 deep elf knights (Elf:1)
  A fire crab (shapeshifter) (D:15)
  2 unseen horrors (D:14)
  5 deep elf archers (Elf:1)
  An orb spider (shapeshifter) (D:13)
  A wizard (D:15)
  An orc knight (Orc:1)
  An orc sorcerer (Orc:1)
  2 cyclopes
  3 manticores
  An oklob plant (Lair:4)
  16 deep elf magi
  5 ugly things
  7 elephants
  3 black mambas
  Joseph (D:9)
  2 naga magi (D:15)
  8 spiny frogs
  A rime drake (Lair:4)
  6 centaur skeletons
  An efreet (D:15)
  4 kobold demonologists
  4 komodo dragons
  6 ice devils (IceCv)
  A jumping spider (Orc:1)
  4 trolls
  Grinder (D:6)
  3 meliai (Lair:4)
  3 polar bears
  A snapping turtle (Lair:4)
  6 hippogriffs
  A wraith (D:12)
  Sigmund (D:4)
  A shadow (D:15)
  An air elemental (Elf:1)
  A water elemental (D:14)
  5 wyverns
  A fire elemental (D:14)
  A hungry ghost (D:13)
  A basilisk (Lair:4)
  33 yaks
  A human (D:9)
  3 vampire mosquitoes
  A steam dragon (D:10)
  A naga (Lair:3)
  2 wargs
  An acid dragon (D:12)
  7 water moccasins
  9 porcupines
  2 black bears
  21 orc warriors
  3 sky beasts
  4 ice beasts
  6 ogres
  4 phantoms
  11 centaurs
  16 wolves
  10 crocodiles
  5 big kobolds
  13 bullfrogs
  A wyvern zombie (D:9)
  An earth elemental (Elf:1)
  A water moccasin zombie (D:6)
  2 scorpions
  A water moccasin skeleton (D:5)
  38 killer bees
  A wight (D:11)
  7 electric eels
  9 crimson imps
  3 bullfrog zombies
  4 centaur zombies
  A howler monkey (D:9)
  6 hounds
  5 jellies
  19 orc priests
  A gnoll shaman (D:6)
  A bullfrog skeleton (D:11)
  An iron imp (Gauntlet)
  7 iguanas
  26 orc wizards
  A hell rat (Lair:4)
  10 worker ants
  A hound zombie (D:7)
  7 gnolls
  A howler monkey skeleton (D:7)
  A worker ant zombie (D:7)
  9 adders
  10 shadow imps
  5 white imps (IceCv)
  3 ufetubi (IceCv)
  An adder zombie (D:9)
  2 worms (D:4)
  2 dart slugs
  6 leopard geckos
  67 orcs
  2 giant cockroaches
  A goblin (D:2)
  6 hobgoblins
  9 jackals
  16 kobolds
  4 quokkas
  A ball python (D:2)
  5 bats
  3 frilled lizards
  A leopard gecko skeleton (D:8)
  10 rats
621 creatures vanquished.

Vanquished Creatures (collateral kills)
  An ironheart preserver (D:14)
  A minotaur (Gauntlet)
  Snorg (Lair:6)
  Erolcha (Orc:1)
  6 hydras
  A catoblepas (Lair:6)
  4 two-headed ogres
  4 death yaks
  2 dancing weapons (Elf:1)
  Urug (Lair:6)
  4 orc high priests
  A deep elf archer (Elf:1)
  7 ugly things
  3 orc knights
  An orc sorcerer (Orc:2)
  4 manticores
  7 deep elf magi
  A cyclops (D:14)
  2 black mambas
  10 elephants
  A centaur zombie (D:9)
  A torpor snail (Lair:1)
  2 spiny frogs
  A naga mage (D:15)
  A kobold demonologist (D:13)
  2 rime drakes
  4 komodo dragons
  4 ice devils (IceCv)
  A centaur skeleton (D:14)
  2 hellwings (D:9)
  2 trolls
  A queen bee (Lair:4)
  A harpy skeleton (D:14)
  A wind drake (shapeshifter) (D:15)
  A slime creature (Lair:6)
  3 hippogriffs
  A hippogriff (shapeshifter) (D:14)
  A vampire (D:11)
  An air elemental (D:14)
  2 wyverns
  A water elemental (Elf:1)
  14 yaks
  2 basilisks
  A fire elemental (Elf:1)
  3 hungry ghosts
  3 vampire mosquitoes (D:13)
  A steam dragon (D:14)
  2 nagas (Lair:3)
  2 water moccasins
  10 orc warriors
  A sky beast (D:13)
  A porcupine (Lair:4)
  2 eyes of draining
  A necrophage (D:11)
  3 ogres
  4 wolves (Lair:2)
  3 centaurs
  4 crocodiles
  A nameless horror (D:9)
  2 scorpions
  3 killer bees (Lair:4)
  4 wights (D:11)
  3 howler monkeys (D:9)
  A crimson imp (D:14)
  2 jellies (Lair:6)
  4 orc wizards
  2 orc priests
  An iguana (D:14)
  2 worker ants
  2 shadow imps (D:9)
  3 ufetubi (IceCv)
  12 orcs
  A fungus (Lair:6)
  2 plants
198 creatures vanquished.

Vanquished Creatures (others)
  A very ugly thing (Elf:1)
  An unseen horror (D:14)
  A hippogriff (Lair:6)
  A ynoxinul (Gauntlet)
  An earth elemental (D:14)
  A bullfrog skeleton (D:12)
  3 white imps (IceCv)
  4 ufetubi (IceCv)
  27 fungi
  8 plants (Lair:6)
48 creatures vanquished.

Grand Total: 867 creatures vanquished

Notes
Turn   | Place    | Note
-------+----------+-------------------------------------------
     0 | D:1      | Johnny the Demigod Ice Elementalist began the quest for the
                  | Orb.
     0 | D:1      | Reached XP level 1. HP: 14/14 MP: 5/5
   807 | D:2      | Reached skill level 4 in Ice Magic
   807 | D:2      | Reached XP level 2. HP: 11/20 MP: 5/7
  1603 | D:2      | Reached XP level 3. HP: 22/27 MP: 5/9
  1608 | D:2      | Learned a level 3 spell: Frozen Ramparts
  1824 | D:2      | Found a faded altar of an unknown god.
  2166 | D:2      | Reached skill level 1 in Fighting
  2408 | D:3      | Reached XP level 4. HP: 26/35 MP: 4/10
  3224 | D:3      | Found a burning altar of Makhleb.
  3242 | D:3      | Reached skill level 5 in Ice Magic
  3685 | D:4      | Reached XP level 5. HP: 41/41 MP: 5/12
  4299 | D:4      | Found a sparkling altar of Nemelex Xobeh.
  4309 | D:4      | Reached XP level 6. HP: 38/49 MP: 7/13
  4315 | D:4      | Learned a level 4 spell: Summon Ice Beast
  4719 | D:4      | Noticed Sigmund
  4726 | D:4      | Killed Sigmund
  4726 | D:4      | Reached skill level 6 in Ice Magic
  4837 | D:4      | Reached XP level 7. HP: 57/57 MP: 10/15
  4920 | D:4      | Found Ivvavvid's Antique Weapon Shop.
  5029 | D:4      | Found a white marble altar of Elyvilon.
  5029 | D:4      | Found a bloodstained altar of Trog.
  5236 | D:5      | Entered Level 5 of the Dungeon
  5270 | D:5      | Found an ancient bone altar of Kikubaaqudgha.
  5507 | D:5      | Reached skill level 7 in Ice Magic
  5644 | D:5      | Found a staircase to the Ecumenical Temple.
  6146 | D:6      | Reached XP level 8. HP: 56/66 MP: 16/18
  6437 | D:6      | Reached skill level 8 in Ice Magic
  6555 | D:6      | Found a hazy altar of Hepliaklqana.
  6715 | D:6      | Noticed Grinder
  6735 | D:6      | Paralysed by Grinder for 4 turns
  6752 | D:6      | Killed Grinder
  6752 | D:6      | Reached skill level 5 in Spellcasting
  6774 | D:6      | Reached skill level 5 in Fighting
  8030 | D:7      | Reached skill level 9 in Ice Magic
  8030 | D:7      | Reached XP level 9. HP: 43/74 MP: 14/20
  8177 | D:7      | Found a sacrificial altar of Ru.
  8433 | D:7      | Found an opulent altar of Gozag.
  8944 | D:7      | Found Useosh's Jewellery Emporium.
  9690 | D:8      | Reached skill level 10 in Ice Magic
  9934 | D:8      | Found an iron altar of Okawaru.
  9935 | D:8      | Found a shadowy altar of Dithmenos.
 10357 | D:9      | Noticed a hellwing
 10358 | D:9      | Noticed Joseph
 10366 | D:10     | Entered Level 10 of the Dungeon
 10545 | D:10     | Reached XP level 10. HP: 54/84 MP: 23/23
 11153 | D:10     | Found Xeleme's Antique Weapon Boutique.
 11216 | D:10     | Reached skill level 11 in Ice Magic
 11494 | D:9      | Noticed a two-headed ogre
 11501 | D:9      | Killed a two-headed ogre
 11565 | D:9      | Killed Joseph
 12736 | D:9      | Noticed a death yak
 12737 | D:9      | Noticed a death yak
 12747 | D:9      | Noticed a death yak
 12754 | D:9      | Killed a death yak
 12964 | D:9      | Reached XP level 11. HP: 82/94 MP: 14/26
 13076 | D:9      | Found a staircase to the Orcish Mines.
 13091 | Orc:1    | Entered Level 1 of the Orcish Mines
 13115 | Orc:1    | Noticed an orc knight
 13115 | Orc:1    | Noticed Erolcha
 13133 | Orc:1    | Killed an orc knight
 13133 | Orc:1    | Reached skill level 12 in Ice Magic
 13140 | Orc:1    | Killed Erolcha
 13608 | Orc:2    | Entered Level 2 of the Orcish Mines
 13614 | Orc:2    | Noticed an orc knight
 13617 | Orc:2    | Noticed an orc warlord
 13617 | Orc:2    | Noticed an orc high priest
 13621 | Orc:2    | Noticed an orc knight
 13623 | Orc:2    | Noticed a sixfirhy
 14021 | Orc:2    | Found a staircase to the Elven Halls.
 14026 | Orc:2    | Found Koucer's Antique Weapon Emporium.
 14131 | Orc:2    | Noticed an orc knight
 14197 | Orc:1    | Killed an orc high priest
 14211 | Orc:1    | Killed an orc knight
 14214 | Orc:1    | Killed an orc knight
 14398 | Orc:2    | Killed an orc knight
 14487 | Orc:2    | Noticed an orc high priest
 14501 | Orc:2    | Killed an orc high priest
 14559 | Orc:1    | Killed an orc warlord
 14772 | Orc:1    | Noticed Maurice
 14773 | Orc:1    | Noticed Maurice
 14773 | Orc:1    | Maurice changed into Maurice the wyvern
 14781 | Orc:1    | Killed Maurice the wyvern
 15055 | Orc:2    | Found Rieqe's General Store.
 15113 | Orc:2    | Found a roughly hewn altar of Beogh.
 15231 | Orc:2    | Noticed an orc high priest
 15240 | Orc:2    | Killed an orc high priest
 15240 | Orc:2    | Reached skill level 13 in Ice Magic
 15440 | Orc:2    | Noticed an orc high priest
 15455 | Orc:2    | Noticed a sun demon
 15455 | Orc:2    | Noticed a sun demon
 15465 | Orc:2    | Killed an orc high priest
 15603 | Orc:2    | Noticed an orc high priest
 15633 | Orc:2    | Killed an orc high priest
 15860 | Orc:2    | Found a roughly hewn altar of Beogh.
 15875 | Orc:2    | Found Kapn's Jewellery Shoppe.
 15883 | Orc:2    | Bought the ring "Xuff" {rElec rF+ rC+ EV+4 Dex-3} for 750
                  | gold pieces
 15929 | Orc:2    | Found Tecliuwn's Antique Armour Shop.
 15953 | Orc:2    | Bought a polished scale mail for 261 gold pieces
 15963 | Orc:2    | Identified the +1 scale mail of Tenacity {rC+ rN+++ MR-}
                  | (You bought it in a shop on level 2 of the Orcish Mines)
 16275 | D:9      | Found Giyseplu's Book Shop.
 16283 | D:9      | Found a staircase to the Lair.
 16612 | D:9      | Killed a death yak
 16612 | D:9      | Reached XP level 12. HP: 90/104 MP: 8/29
 16751 | Lair:1   | Entered Level 1 of the Lair of Beasts
 16873 | Lair:1   | Noticed a seven-headed hydra
 16883 | Lair:1   | Killed a seven-headed hydra
 18050 | Lair:2   | Reached skill level 14 in Ice Magic
 18278 | Lair:2   | Reached skill level 10 in Fighting
 18858 | Lair:3   | Noticed a seven-headed hydra
 18863 | Lair:3   | Killed a seven-headed hydra
 19629 | Lair:3   | Found a staircase to the Snake Pit.
 20372 | Lair:4   | Noticed a catoblepas
 20406 | Lair:4   | Killed a catoblepas
 20413 | Lair:4   | Reached skill level 10 in Spellcasting
 20413 | Lair:4   | Reached XP level 13. HP: 81/114 MP: 9/31
 21170 | Lair:4   | Found a staircase to the Shoals.
 21508 | Lair:4   | Reached skill level 15 in Ice Magic
 22299 | Lair:5   | Got a faintly glowing scale mail
 22310 | Lair:5   | Identified the cursed +1 scale mail of Wu Jian's Scorn
                  | {rElec SInv} (You found it on level 5 of the Lair of
                  | Beasts)
 22718 | Lair:5   | Noticed Sonja
 22720 | Lair:5   | Noticed Sonja
 22720 | Lair:5   | Sonja changed into Sonja the water moccasin
 22726 | Lair:5   | Killed Sonja the water moccasin
 23250 | Lair:6   | Entered Level 6 of the Lair of Beasts
 23250 | Lair:6   | Noticed Urug
 23267 | Lair:6   | Killed Urug
 23267 | Lair:6   | Reached skill level 1 in Armour
 23409 | Lair:6   | Found a runed translucent gate.
 23409 | Lair:6   | Found a runed translucent gate.
 23412 | Lair:6   | Found a runed translucent gate.
 23424 | Lair:6   | Found a staircase to the Slime Pits.
 24627 | Lair:6   | Noticed Snorg
 24786 | Lair:6   | Reached skill level 16 in Ice Magic
 24871 | Lair:6   | Killed Snorg
 25160 | Lair:6   | Noticed Chimkentus's ghost (journeyman OpAs)
 25199 | Lair:6   | Reached XP level 14. HP: 85/122 MP: 18/33
 25553 | Lair:6   | Got a fine helmet
 25622 | Lair:6   | Identified the cursed -3 helmet of Gravitas {+Fly rF++ rC-}
                  | (You found it on level 6 of the Lair of Beasts)
 26504 | D:11     | Noticed Fozey's ghost (journeyman FoFi)
 26835 | D:11     | Found a runed translucent gate.
 26835 | D:11     | Found a runed translucent gate.
 26836 | D:11     | Found a runed translucent gate.
 27478 | D:11     | Killed Fozey's ghost
 27951 | D:12     | Got a wizard robe
 27965 | D:12     | Identified the +2 robe of Happy Babbling {+Fly Regen+ Str+4
                  | Int-4} (You found it on level 12 of the Dungeon)
 28227 | D:12     | Reached skill level 5 in Armour
 30057 | D:14     | Found a gate leading to a gauntlet.
 30081 | Gauntlet | Entered a Gauntlet
 30081 | Gauntlet | Found a transporter.
 30081 | Gauntlet | Found a transporter.
 30181 | Gauntlet | Found a transporter.
 30181 | Gauntlet | Found a transporter.
 30184 | Gauntlet | Found a transporter.
 30193 | Gauntlet | Found a transporter.
 30194 | Gauntlet | Found a transporter.
 30195 | Gauntlet | Found a transporter.
 30195 | Gauntlet | Found a transporter.
 30203 | Gauntlet | Found the ring of Shadows {Umbra +Inv Stlth+}
 30204 | Gauntlet | Found a transporter.
 30207 | Gauntlet | Found a transporter.
 30253 | Gauntlet | Found a transporter.
 30425 | Gauntlet | Got a transparent emerald amulet
 30426 | Gauntlet | Identified the amulet of Loquxt {Spirit rF+ Dex+5} (You
                  | found it in a Gauntlet)
 30619 | Gauntlet | Reached skill level 17 in Ice Magic
 30676 | Gauntlet | Got a steaming cloak
 30689 | Gauntlet | Identified the +3 cloak of Free Expression {Harm rElec MR-
                  | SInv} (You found it in a Gauntlet)
 30754 | Gauntlet | Got a colourful robe
 30766 | Gauntlet | Identified the +1 robe of Heqehi {-Tele rElec rPois MR++}
                  | (You found it in a Gauntlet)
 31371 | D:14     | Found a gate to the Vaults.
 31371 | D:14     | Noticed an ironheart preserver
 31386 | D:14     | Killed an ironheart preserver
 32074 | D:14     | Found a large runed translucent door.
 32075 | D:14     | Found a large runed translucent door.
 32146 | D:14     | Found an iron altar of Okawaru.
 32574 | D:15     | Entered Level 15 of the Dungeon
 33532 | D:15     | Found a staircase to the Depths.
 33761 | D:15     | Noticed a frost giant
 34021 | Elf:1    | Entered Level 1 of the Elven Halls
 34034 | Elf:1    | Reached XP level 15. HP: 124/128 MP: 20/36
 34069 | Elf:1    | Found a frozen archway.
 34237 | IceCv    | Entered an ice cave
 35640 | IceCv    | Got a bloodstained demon whip
 35752 | IceCv    | Identified the +4 demon whip of Viny Resourcefulness {vamp,
                  | Str+2} (You found it in an ice cave)
 35766 | Elf:1    | HP: 5/128 [+1 glaive of protection (17)]
 35767 | Elf:1    | HP: 1/128 [+1 glaive of protection (11)]
 36560 | Elf:1    | Learned a level 6 spell: Simulacrum
 36743 | Elf:1    | Reached skill level 18 in Ice Magic
 36956 | Elf:1    | Found Duho Aps's Antique Armour Boutique.
 37072 | Elf:1    | Identified the +9 spear "Reett" {flame, *Corrode MR+ Int+2}
 37105 | Elf:2    | Noticed a deep elf blademaster
 37128 | Elf:2    | Found a runed translucent gate.
 37128 | Elf:2    | Found a runed translucent gate.
 37129 | Elf:2    | Found a runed translucent gate.
 37204 | Elf:1    | Bought a glowing buckler for 217 gold pieces
 37204 | Elf:1    | Bought a dazzling ring mail for 261 gold pieces
 37214 | Elf:1    | Identified the +2 ring mail of a Labyrinth {+Blink} (You
                  | bought it in a shop on level 1 of the Elven Halls)
 37289 | Elf:2    | HP: 2/128 [air elemental (10)]
 37290 | Elf:2    | Killed from afar by an air elemental

Illustrated notes

Levels and vault maps discovered:
D:1:      dpeg_arrival_tiny_g, layout_rooms, chequers_arboretum
D:2:      layout_basic, chequers_ecumenical_altar_grove,
          minmay_stone_trees_small, hangedman_decor_peaks_small,
          minmay_tree_intersection, grunt_decor_arrowhead, dk_noncrumbling_2
D:3:      layout_basic, lemuel_round_altar
D:4:      wad_crossroads, layout_cave_pools, nemelex_xobeh_ov_fountains_minmay,
          gammafunk_temple_overflow_wave, serial_shops, kennysheep_mini,
          uniq_sigmund
D:5:      minmay_spotlight, layout_basic, overflow_temple_1_default,
          minmay_temple_entry_oklob, first_ration
D:6:      cheibrodos_two_vegetables, layout_loops_ring, marbit_many_paths,
          uniq_grinder
D:7:      layout_loops_ring, overflow_temple_1_default, basic_altar,
          serial_shops, shop
D:8:      layout_rooms, gammafunk_temple_overflow_statue
D:9:      cheibrodos_grave_circle, layout_irregular_city, dpeg_lair_monsters,
          david_orc_4, serial_shops, shop, grunt_pizzeria, uniq_joseph
D:10:     layout_rooms, serial_shops, kennysheep_little_box, item_on_display_a
D:11:     layout_stronghold, maelrawn_ghost_gauntlet_escape, serial_undead,
          serial_undead_c, serial_undead_c, serial_undead_f, serial_undead_c
D:12:     layout_loops_cross
D:13:     layout_small_grid
D:14:     layout_cave_pools, skrybe_vaults_entry_preservation,
          gauntlet_entry_generic, lemuel_doored_altar, lightli_elemental_guards
D:15:     grunt_enter_depths_magical_seal, layout_loops_ring,
          minmay_misc_feat_diagonals, grunt_tough_drop
Lair:1:   layout_cave_pods
Lair:2:   layout_regular_city, beast_lair_carwin_2
Lair:3:   layout_small_grid, minmay_snake_entry_guardpost_medium
Lair:4:   regret_index_combs_of_tragedy, layout_regular_city,
          minmay_shoals_entry_hut
Lair:5:   layout_misc_corridors, uniq_sonja
Lair:6:   evilmike_catoblepas_cave, layout_misc_corridors,
          minmay_slime_entry_pillars, gammafunk_ghost_hydra_chop, uniq_snorg,
          uniq_urug
Orc:1:    layout_caves, uniq_erolcha, uniq_maurice
Orc:2:    grunt_orc_gardens, layout_diamond_mine, grunt_orc_garden,
          grunt_orc_garden, grunt_orc_garden, grunt_orc_garden, basic_altar,
          minmay_orc_temple_a
Elf:1:    layout_gridlike, portal_ice_cave_entry_ugly_swarm, minmay_elf_sorcery,
          minmay_shop_star
Elf:2:    layout_loops_ring

Skill      XL: |  1  2  3  4  5  6  7  8  9 10 11 12 13 14 15 |
---------------+----------------------------------------------+-----
Spellcasting   | 2 3 4 5 6 7 8 10 11 12 | 12.3
Ice Magic      | 4 5 6 7 9 10 11 13 14 16 17 18 | 18.1
Fighting       | 1 2 3 4 5 6 7 9 10 | 10.9
Armour         | 3 6 7 |  7.9
Dodging        | |  1.7
Stealth        | |  1.7

Action                   |  1- 3 |  4- 6 |  7- 9 | 10-12 | 13-15 || total
-------------------------+-------+-------+-------+-------+-------++-------
Melee: Unarmed           |    76 |   139 |     5 |       |       ||   220
       Dagger            |       |       |    78 |       |   159 ||   237
       Whip              |       |       |   231 |   322 |   786 ||  1339
       Spear             |       |       |       |       |     2 ||     2
 Cast: Freeze            |    32 |    38 |    27 |    10 |     6 ||   113
       Frozen Ramparts   |     2 |    16 |    26 |    73 |   139 ||   256
       Summon Ice Beast  |       |       |     3 |   147 |   280 ||   430
       Simulacrum        |       |       |       |       |     2 ||     2
Evoke: Wand              |       |    16 |    19 |     3 |    52 ||    90
       Phial of floods   |       |       |       |     1 |     1 ||     2
  Use: Scroll            |       |     6 |    12 |    11 |    44 ||    73
       Potion            |       |       |       |     3 |    28 ||    31
 Stab: Sleeping          |     4 |     2 |     2 |     1 |     1 ||    10
       Distracted        |     1 |     1 |       |     2 |    12 ||    16
       Paralysed         |       |       |       |       |     4 ||     4
  Eat: Chunk             |     5 |     9 |    20 |    27 |    32 ||    93
       Ration            |       |       |       |     3 |     8 ||    11
Armor: Robe              |    28 |    65 |    40 |       |     6 ||   139
       Leather armour    |       |       |    86 |    44 |       ||   130
       Troll leather arm |       |       |       |   143 |   497 ||   640
       Skin              |       |       |       |       |    33 ||    33
Dodge: Dodged            |    66 |   116 |   216 |   400 |  1043 ||  1841
Block: Buckler           |       |       |       |       |     3 ||     3
